AoeStats
← joseph.fragonard

African Clearing

504516216Analyzed
3v3 RM · 26d ago on Sep 5, 2026· 40m 33s· 6 players
Game mode
Random Map
Map size
Normal (6 player)
Population
200
Speed
Normal
Resources
Standard
Victory
Conquest
Starting age
Dark Age
Ending age
Imperial Age
RankedLock teamsTeams togetherTeam positionsShared explorationLock speedFull tech treeHidden civsTurbo modeCheats
Victory
Defeat
🇨🇳 Mongols · China
1259
+11
🇨🇳 Persians · China
1259
+11
🇨🇳 Huns · China
1214
+14
🇫🇷 Huns · France
1158
-12
🇨🇳 Spanish · China
1153
-12
🇧🇷 Mongols · Brazil
1148
-12
ReiKing
13:12 Feudal Age
11:39 Loom
13:25 Feudal Age
19:33 Castle Age
19:32 Stone Mining
19:51 Double-Bit Axe
21:10 Stone Shaft Mining
26:19 Fletching
27:49 Gold Mining
29:22 Bodkin Arrow
32:07 Husbandry
32:17 Bloodlines
34:12 Padded Archer Armor
39:32 Imperial Age
joseph.fragonard
3:10 Loom
14:54 Feudal Age
15:59 Double-Bit Axe
19:07 Castle Age
21:41 Town Watch
22:12 Bow Saw
22:55 Wheelbarrow
26:28 Stone Mining
28:12 Hand Cart
29:42 Forging
29:41 Squires
32:28 Pikeman
34:06 Fletching
02281
3:18 Loom
13:14 Feudal Age
18:15 Castle Age
17:08 Stone Mining
18:07 Bloodlines
22:53 Husbandry
25:39 Town Watch
28:06 Padded Archer Armor
30:01 Leather Archer Armor
30:46 Gold Mining
36:04 Herbal Medicine
不就压个堡
7:08 Loom
14:22 Feudal Age
18:27 Castle Age
16:47 Double-Bit Axe
17:54 Stone Mining
22:30 Gold Mining
22:57 Fletching
30:59 Horse Collar
32:02 Scale Barding Armor
32:14 Bloodlines
33:17 Bodkin Arrow
34:55 Chain Barding Armor
38:58 Heavy Plow
大梦谁先觉
10:27 Loom
12:59 Feudal Age
15:56 Double-Bit Axe
18:59 Forging
19:56 Scale Barding Armor
26:25 Castle Age
24:19 Gold Mining
26:04 Bloodlines
27:44 Chain Barding Armor
30:36 Bow Saw
33:35 Wheelbarrow
35:52 Husbandry
37:49 Iron Casting
37:47 Horse Collar
39:38 Town Watch
41:02 Hand Cart
40:47 Town Patrol
者 阝彳亍
9:39 Loom
14:28 Feudal Age
18:30 Castle Age
16:49 Double-Bit Axe
19:57 Husbandry
20:09 Bloodlines
21:11 Forging
28:18 Scale Barding Armor
35:03 Wheelbarrow
37:41 Imperial Age
34:58 Light Cavalry
38:02 Chain Barding Armor
37:30 Town Watch
40:54 Conscription
40:36 Marauders
Connection lost

Rejoining the realm…

Still unreachable

The connection could not be restored.

Session expired

The server has moved on; the page needs a fresh start.